 Dungeon Sprint DCSS version 0.31-a0-369-g8eba5f6939 (webtiles) character file.

Game seed: 10316159383291203174

123 EonArisen the Ruffian (level 5, -3/46 HPs)
             Began as a Ghoul Gladiator on July 28, 2023.
             Was a Follower of Nemelex Xobeh.
             Killed by divine providence
             ... invoked by an orc priest
              (10 damage)
             ... in the Dungeon (Sprint VII: "The Pits").
             The game lasted 00:03:13 (234 turns).

EonArisen the Ruffian (Ghoul Gladiator)              Turns: 234, Time: 00:03:14

Health: -3/46      AC:  4    Str: 20    XL:     5   Next: 7%
Magic:  4/4        EV: 13    Int:  3    God:    Nemelex Xobeh [*.....]
Gold:   0          SH:  0    Dex: 10    Spells: 4/4 levels left

rFire   . . .        q - +2 quarterstaff (speed)
rCold   + . .        (shield currently unavailable)
rNeg    + + +        a - +0 leather armour
rPois   ∞            b - +0 helmet
rElec   .            (no cloak)
rCorr   .            (no gloves)
SInv    .            (no boots)
Will    .....        (no amulet)
Stlth   +            (no ring)
HPRegen 0.00/turn    (no ring)
MPRegen 0.09/turn

%: no teleportation
@: inhibited regen
A: claws 1, cold resistance 1, negative energy resistance 3, inhibited
regeneration, torment resistance 2, devour on kill
a: Renounce Religion, Draw Escape, Draw Destruction, Draw Summoning


You were in the Dungeon.
You worshipped Nemelex Xobeh.
Nemelex Xobeh was aware of your devotion.
You visited 1 branch

Inventory:

Hand Weapons
 j - a +2 trident
 q - a +2 quarterstaff of speed (weapon)
Missiles
 c - 3 throwing nets (quivered)
 d - a javelin
Armour
 a - a +0 leather armour (worn)
 b - a +0 helmet (worn)
 p - a +3 scale mail
Scrolls
 i - a scroll of blinking
 m - 5 scrolls of amnesia
 n - a scroll of butterflies
 o - 2 scrolls of vulnerability
Potions
 e - 6 potions of curing
 f - 5 potions of heal wounds
 g - a potion of haste
 h - 4 potions of magic
 k - 2 potions of invisibility
 l - 2 potions of berserk rage


   Skills:
 + Level 3.6 Fighting
 + Level 0.2 Staves
 + Level 3.1 Throwing
 + Level 2.0 Armour
 + Level 6.0 Dodging
 + Level 7.2 Unarmed Combat


You had 4 spell levels left.
You didn't know any spells.
Your spell library was empty.

Dungeon Overview and Level Annotations

Branches:
Dungeon (1/1)

Altars:
Ashenzari
Cheibriados
Dithmenos
Fedhas
Gozag
Hepliaklqana
Kikubaaqudgha
Makhleb
Nemelex Xobeh
Okawaru
Qazlal
Ru
Sif Muna
Trog
Uskayaw
Vehumet
Wu Jian
Xom
Yredelemnul
Jiyva
Lugonu


Innate Abilities, Weirdness & Mutations

You are immune to poison.
You have sharp fingernails.
Your flesh is cold resistant. (rC+)
You are immune to negative energy. (rN+++)
You do not regenerate when monsters are visible.
You are immune to unholy pain and torment.
You thrive by killing the living.


Message History

The orc warrior is almost dead.
The orc warrior closely misses you.
An orc priest comes into view. It is wielding a +0 mace.
Something barely misses you.
You closely miss the orc warrior.
The orc warrior is almost dead.
The orc warrior hits you with a +0 scimitar.
The orc priest looks satisfied for a moment.
Something hits you but does no damage.
You barely miss the orc warrior.
The orc warrior is almost dead.
The bullfrog looks more healthy.
The orc warrior hits you with a +0 scimitar!
* * * LOW HITPOINT WARNING * * *
You hear some strange, mumbled words.
Something tries to affect you, but you resist.
You feel much better.
The iron imp summons a swarm of flies.
The orc warrior misses you. Something hits you but does no damage.
You barely miss the orc warrior.
The orc warrior is almost dead.
The orc warrior hits you with a +0 scimitar.
The orc priest looks encouraged for a moment.
Something hits you but does no damage.
You hit the orc warrior but do no damage.
The orc warrior is almost dead.
The orc priest looks braver for a moment.
You hear some strange, mumbled words.
Something tries to affect you, but you resist.
The orc priest invokes the aid of Beogh against you.
Beogh smites you!
* * * LOW HITPOINT WARNING * * *
The orc warrior closely misses you.
You hit the orc warrior but do no damage.
The orc warrior is severely wounded.
The iron imp laughs crazily.
The orc priest invokes the aid of Beogh against you.
Beogh smites you!
You die...
Your body disappears without a glow.

#.#..#..#..##.....
#.#..'..†..#####'#
#.##)####'###.....
#.#..).))..##.....
#.#.....†..##.....
#.#####'#####...<.
#.#..[)))..##.....
#.#...).)..##.....
#@###########.....
#o{F....# ######
#5{###..# #oo.
##.## .. .# ..


You could see an orc warrior, a bullfrog, an iron imp and 2 orc priests.

Vanquished Creatures
  A floating eye (D)
  An ufetubus (D)
  3 orcs (D)
  A bat (D)
  2 giant cockroaches (D)
  3 goblins (D)
  3 jackals (D)
  A kobold (D)
  A quokka (D)
  A quokka skeleton (D)
17 creatures vanquished.

Notes
Turn   | Place    | Note
-------+----------+-------------------------------------------
     0 | D        | EonArisen the Ghoul Gladiator began the quest for the Orb.
     0 | D        | Reached XP level 1. HP: 17/17 MP: 0/0
    40 | D        | Found a bloodstained altar of Trog.
    40 | D        | Found a shimmering blue altar of Sif Muna.
    40 | D        | Found a viscous altar of Jiyva.
    40 | D        | Found a hazy altar of Hepliaklqana.
    40 | D        | Found an opulent altar of Gozag.
    41 | D        | Found a basalt altar of Yredelemnul.
    41 | D        | Found a shimmering altar of Xom.
    41 | D        | Found an ornate altar of the Wu Jian Council.
    41 | D        | Found a sacrificial altar of Ru.
    41 | D        | Found a stormy altar of Qazlal.
    41 | D        | Found an iron altar of Okawaru.
    41 | D        | Found a sparkling altar of Nemelex Xobeh.
    41 | D        | Found a burning altar of Makhleb.
    41 | D        | Found a blossoming altar of Fedhas.
    41 | D        | Found a shadowy altar of Dithmenos.
    41 | D        | Found a snail-covered altar of Cheibriados.
    43 | D        | Found a radiant altar of Vehumet.
    43 | D        | Found a corrupted altar of Lugonu.
    44 | D        | Found a hide-covered altar of Uskayaw.
    44 | D        | Found an ancient bone altar of Kikubaaqudgha.
    44 | D        | Found a broken altar of Ashenzari.
    54 | D        | Became a worshipper of Nemelex Xobeh the Trickster
   111 | D        | Noticed a floating eye
   112 | D        | Paralysed by a floating eye for 4 turns
   121 | D        | Killed a floating eye
   122 | D        | Reached skill level 1 in Armour
   122 | D        | Reached skill level 5 in Dodging
   122 | D        | Reached skill level 6 in Unarmed Combat
   122 | D        | Reached XP level 2. HP: 21/26 MP: 1/1
   122 | D        | Reached XP level 3. HP: 25/31 MP: 2/2
   122 | D        | Reached XP level 4. HP: 30/38 MP: 3/3
   138 | D        | Reached skill level 7 in Unarmed Combat
   146 | D        | Reached * piety under Nemelex Xobeh
   181 | D        | Received a gift from Nemelex Xobeh
   214 | D        | Noticed an orc warrior
   215 | D        | Noticed a bullfrog
   219 | D        | Reached XP level 5. HP: 44/45 MP: 4/4
   234 | D        | Killed from afar by an orc priest

Illustrated notes

Levels and vault maps discovered:
D:        pitsprint [storerooms_1, entrance_room_1, metal_vault_2, armoury_2,
          mini_pit_1, grid_room_1, main_hall_1, silver_pit, the_coven_3,
          the_vestibule_1, steel_vault_2, golden_pit, hallway_of_sentries,
          crystal_vault_2, iron_vault_4, final_vault]

Skill      XL: |  1  2  3  4  5 |
---------------+----------------+-----
Dodging        | 5 6 |  6.0
Fighting       | 3 |  3.6
Throwing       | 2 3 |  3.1
Armour         | 1 2 |  2.0
Unarmed Combat | 6 7 |  7.2
Staves         | |  0.2

Action                     |  1- 3 |  4- 6 || total
---------------------------+-------+-------++-------
  Melee: Unarmed           |    24 |     8 ||    32
         Quarterstaff      |       |    22 ||    22
 Invoke: Draw Destruction  |       |     1 ||     1
    Use: Potion            |       |     1 ||     1
 Armour: Leather armour    |     9 |    14 ||    23
  Dodge: Dodged            |    14 |    22 ||    36

Table legend: (Time is in decaauts)
 A = Elapsed time spent in this place.
 B = Non-inter-level travel time spent in this place.
 C = Inter-level travel time spent in this place.
 D = Time resting spent in this place.
 E = Time spent auto-exploring this place.
 F = Levels seen in this place.
 G = Mean time per level.
                   A        B        C        D        E       F      G
               +--------+--------+--------+--------+--------+-----+--------+
         Total |    228 |    213 |     15 |      3 |      0 |   1 |  228.0 |
       Dungeon |    228 |    213 |     15 |      3 |      0 |   1 |  228.0 |
               +--------+--------+--------+--------+--------+-----+--------+

Top non-repeatable levels by time:
       D: 228 daAuts
